 Dungeon Crawl Stone Soup version 0.23-a0-338-g8ff0b24 (webtiles) character file.

373 Ijustatesigmund the Vexing (level 6, -6/41 HPs)
             Began as an Octopode Conjurer on Oct 18, 2018.
             Killed by nerve-wracking pain
             ... invoked by an orc priest
              (13 damage)
             ... on level 3 of the Dungeon.
             The game lasted 00:07:17 (3966 turns).

Ijustatesigmund the Vexing (Octopode Conjurer)      Turns: 3966, Time: 00:07:18

Health: -6/41      AC:  1    Str:  7    XL:     6   Next: 71%
Magic:  0/9        EV: 13    Int: 18    God:
Gold:   152        SH:  0    Dex: 14    Spells: 3/9 levels left

rFire    + . .     SeeInvis .   d - +0 mace
rCold    . . .     Gourm    .   (no shield)
rNeg     . . .     Faith    .   (helmet restricted)
rPois    .         Spirit   .   (no amulet)
rElec    .         Reflect  .   f - +2 ring of slaying
rCorr    .         Harm     .   (no ring)
MR       .....                  (no ring)
Stlth    +++.......             (no ring)
HPRegen  0.13/turn              (no ring)
MPRegen  0.11/turn              (no ring)
                                (no ring)
                                (no ring)

@: very slightly contaminated
A: almost no armour, stealthy swim, amphibious, 8 rings, constrict 8, camouflage
1, blurry vision 1, fire resistance 1, gelatinous body 1
a: no special abilities


You were on level 3 of the Dungeon.
You were hungry.

You visited 1 branch of the dungeon, and saw 3 of its levels.

You collected 152 gold pieces.

Inventory:

Hand Weapons
 d - a +0 mace (weapon)
Jewellery
 f - a +2 ring of slaying (left tentacle)
Wands
 e - a wand of enslavement (13)
Scrolls
 c - 2 scrolls of remove curse
 h - a scroll of identify {unknown}
 j - a scroll of fear {unknown}
Potions
 i - a potion of flight {unknown}
Comestibles
 b - 5 rations


   Skills:
 - Level 2.7 Fighting
 - Level 3.4 Maces & Flails
 - Level 2.0 Dodging
 - Level 2.6 Stealth
 + Level 2.1 Spellcasting
 + Level 4.1 Conjurations
 - Level 4.1 Hexes


You had 3 spell levels left.
You knew the following spells:

 Your Spells              Type           Power        Failure   Level  Hunger
a - Magic Dart            Conj           ###.         3%          1    #......
b - Searing Ray           Conj           ###...       4%          2    ###....
c - Dazzling Spray        Conj/Hex       ###...       10%         3    ###....

Your spell library contained the following spells:

 Spells                   Type           Power        Failure   Level  Hunger
 Fulminant Prism          Conj/Hex       ###.......   32%         4    #####..
 Iskenderun's Mystic Bla  Conj           ###.....     32%         4    #####..
 Force Lance              Conj/Tloc      #.......     58%         4    #####..


Dungeon Overview and Level Annotations

Branches:
Dungeon (3/15)

Altars:
Dithmenos
Kikubaaqudgha
Okawaru
Qazlal
Trog
Wu Jian
Zin
The Shining One


Innate Abilities, Weirdness & Mutations

You cannot wear most types of armour.
You are very stealthy in the water. (Stealth+)
You are amphibious.
You can wear up to eight rings at the same time.
You can use your tentacles to constrict eight enemies at once.
Your skin changes colour to match your surroundings (Stealth+).
Your rubbery body absorbs attacks. (AC +1, EV +1)
Scrolls take you a little longer to read.
Your flesh is heat resistant. (rF+)


Message History

You are too injured to fight recklessly!
You are too injured to fight recklessly!
You are too injured to fight recklessly!
You are too injured to fight recklessly!
You hit the orc priest but do no damage.
The orc priest is lightly wounded.
You constrict the orc priest. The orc hits you with a +0 short sword.
The orc priest hits you with a +0 club.
* * * LOW HITPOINT WARNING * * *
An orc wizard comes into view. It is wielding a +0 dagger.
You are feeling hungry.
The orc wizard shouts!
You hit the orc priest but do no damage.
You squeeze the orc priest.
The orc priest is moderately wounded.
You constrict the orc priest. The orc hits you with a +0 short sword.
* * * LOW HITPOINT WARNING * * *
The orc priest invokes the aid of Beogh against you.
Pain shoots through your body!
You die...

#.⌠.⌠.#.##.......#...#
.#...#.⌠.#......######
#.#.#.#.##......## #
.⌠.#.⌠.#.#.......######....
#.#.#.#.##.....<...........
.#.⌠.#.⌠.#......#######....
#.#.#.#.##......## .
.⌠.#.⌠.####.###..#
#.#.#.#.# #. ##@# .#.⌠.#..#
#.


#ooooo.# #.#.#.#.# #. ###o....# .⌠.#.⌠.## #. .###.o #.....## # # ##'''###### .#
. ..........##.#.# ).......#....... #..#.#.......... You could see an orc
priest, 2 orc wizards and 4 orcs.

Vanquished Creatures
  2 vampire bats (D:3)
  An orc priest (D:3)
  An orc wizard (D:3)
  Ijyb (D:3)
  Natasha (thrice) (D:2)
  4 gnolls (D:2)
  An adder (D:2)
  An ooze (D:2)
  2 worms (D:2)
  3 dart slugs
  2 leopard geckos
  3 orcs (D:3)
  8 bats
  2 bat skeletons (D:3)
  3 bat zombies (D:3)
  3 giant cockroaches
  7 goblins
  7 hobgoblins
  4 jackals (D:2)
  A quokka (D:3)
  3 ball pythons
  6 frilled lizards
  5 kobolds
  3 rats
76 creatures vanquished.

Notes
Turn   | Place    | Note
-------+----------+-------------------------------------------
     0 | D:1      | Ijustatesigmund the Octopode Conjurer began the quest for
                  | the Orb.
     0 | D:1      | Reached XP level 1. HP: 11/11 MP: 3/3
    93 | D:1      | You fall through a shaft!
    98 | D:2      | Reached skill level 1 in Fighting
   495 | D:1      | Reached XP level 2. HP: 18/18 MP: 3/5
   502 | D:1      | Learned a level 2 spell: Searing Ray
  1323 | D:1      | Reached XP level 3. HP: 25/25 MP: 3/6
  1528 | D:2      | Learned a level 3 spell: Dazzling Spray
  1528 | D:2      | Noticed Natasha
  1532 | D:2      | Killed Natasha
  1532 | D:2      | Reached skill level 1 in Hexes
  1589 | D:2      | Reached XP level 4. HP: 30/30 MP: 0/7
  1948 | D:2      | Noticed Natasha
  1954 | D:2      | Killed Natasha
  2098 | D:2      | Noticed Natasha
  2103 | D:2      | Killed Natasha
  2103 | D:2      | Reached XP level 5. HP: 33/35 MP: 2/8
  2846 | D:2      | Found a glowing golden altar of the Shining One.
  2850 | D:2      | Reached skill level 1 in Maces & Flails
  3125 | D:2      | Found a bloodstained altar of Trog.
  3128 | D:2      | Found an ornate altar of the Wu Jian Council.
  3135 | D:2      | Found a stormy altar of Qazlal.
  3155 | D:3      | Found an iron altar of Okawaru.
  3163 | D:3      | Found a glowing silver altar of Zin.
  3241 | D:3      | Found a shadowy altar of Dithmenos.
  3282 | D:3      | Noticed Ijyb
  3296 | D:3      | Gained mutation: Your muscles are strong. (Str +2) [potion
                  | of mutation]
  3296 | D:3      | Gained mutation: Scrolls take you a little longer to read.
                  | [potion of mutation]
  3296 | D:3      | Lost mutation: Your muscles are strong. (Str +2) [potion of
                  | mutation]
  3296 | D:3      | Gained mutation: Your flesh is heat resistant. (rF+)
                  | [potion of mutation]
  3317 | D:3      | Killed Ijyb
  3381 | D:3      | Reached XP level 6. HP: 41/41 MP: 5/9
  3418 | D:3      | Found an ancient bone altar of Kikubaaqudgha.
  3966 | D:3      | Killed from afar by an orc priest

Vault maps used:
D:1:      giann_bridges, serial_bayou_pond_e
D:2:      minitemple, minmay_tetromino_i4, uniq_natasha
D:3:      grunt_dithmenos_smoke, kennysheep_vampire_church,
          grunt_temple_overflow_open, uniq_ijyb

Skill      XL: |  1  2  3  4  5  6 |
---------------+-------------------+-----
Fighting       | 1 2 |  2.7
Hexes          | 1 3 4 |  4.1
Maces & Flails | 1 3 |  3.4
Dodging        | |  2.0
Stealth        | |  2.6
Spellcasting   | |  2.1
Conjurations   | |  4.1

Action                   |  1- 3 |  4- 6 || total
-------------------------+-------+-------++-------
Melee: Unarmed           |     6 |       ||     6
       Tentacles         |     4 |    13 ||    17
       Constrict         |     3 |    17 ||    20
       Short sword       |    10 |    21 ||    31
       Mace              |       |    46 ||    46
 Cast: Magic Dart        |    38 |   111 ||   149
       Dazzling Spray    |       |     2 ||     2
  Use: Scroll            |       |     4 ||     4
       Potion            |       |     2 ||     2
 Stab: Sleeping          |     4 |     1 ||     5
  Eat: Chunk             |     2 |     6 ||     8
       Ration            |       |     1 ||     1
Armor: Skin              |     3 |    11 ||    14
Dodge: Dodged            |    12 |    78 ||    90

Table legend:
 A = Non-vault XP
 B = Vault XP
 C = Vault XP percentage of total XP
 D = Non-vault monster count
 E = Vault monster count
 F = Vault count percentage of total count
                 A         B        C        D         E       F
            +---------+---------+-------+---------+---------+-------
      Total |     333 |     200 |  37.5 |      64 |      12 |  15.8
            +---------+---------+-------+---------+---------+-------
        D:1 |      31 |       0 |   0.0 |      19 |       0 |   0.0
        D:2 |     191 |      44 |  18.7 |      31 |       4 |  11.4
        D:3 |     111 |     156 |  58.4 |      14 |       8 |  36.4
            +---------+---------+-------+---------+---------+-------
